 Dungeon Crawl Stone Soup version 0.18.1-6-gd335043 (webtiles) character file.

1965 magipi the Cleaver (level 9, -17/102 HPs)
             Began as a Hill Orc Gladiator on May 20, 2016.
             Was a Follower of Nemelex Xobeh.
             Demolished by an orc warrior
             ... wielding a +0 battleaxe
              (18 damage)
             ... on level 7 of the Dungeon.
             The game lasted 00:28:45 (6501 turns).

magipi the Cleaver (Hill Orc Gladiator)             Turns: 6501, Time: 00:28:46

Health: -17/102    AC: 12    Str: 23    XL:     9   Next: 19%
Magic:  13/13      EV:  9    Int:  8    God:    Nemelex Xobeh [*.....]
Gold:   455        SH:  0    Dex: 14    Spells: 0 memorised, 8 levels left

rFire  . . .     SeeInvis .     a - +1 battleaxe
rCold  . . .     Gourm    .     p - +0 chain mail
rNeg   . . .     Faith    .     (shield currently unavailable)
rPois  .         Spirit   .     c - +1 helmet
rElec  .         Dismiss  .     o - +1 cloak
rCorr  +         Reflect  .     (no gloves)
SustAt .         Harm     .     (no boots)
MR     .....                    (no amulet)
Stlth  ..........               v - ring of flight
                                j - ring of resist corrosion

@: mighty, berserking, lethally poisoned (-17 -> -28), very quick, not resistant
to hostile enchantments, extremely unstealthy
A: no striking features
a: Renounce Religion, Convert to Beogh, Evoke Flight


You were on level 7 of the Dungeon.
You worshipped Nemelex Xobeh.
Nemelex Xobeh was aware of your devotion.
You were not hungry.

You visited 2 branches of the dungeon, and saw 8 of its levels.

You collected 455 gold pieces.

Notes
Turn   | Place    | Note
--------------------------------------------------------------
     0 | D:1      | magipi the Hill Orc Gladiator began the quest for the Orb.
     0 | D:1      | Reached XP level 1. HP: 18/18 MP: 1/1
    60 | D:1      | Reached XP level 2. HP: 20/25 MP: 2/2
   472 | D:1      | Reached XP level 3. HP: 28/30 MP: 3/3
   610 | D:1      | You fall through a shaft!
  1072 | D:2      | Reached skill level 5 in Axes
  1246 | D:2      | Noticed Robin
  1253 | D:2      | Reached XP level 4. HP: 37/37 MP: 4/4
  1294 | D:2      | Killed Robin
  1485 | D:2      | Found a sacrificial altar of Ru.
  1903 | D:3      | Noticed Grinder
  1911 | D:3      | Paralysed by Grinder for 5 turns
  1923 | D:3      | Killed Grinder
  1923 | D:3      | Reached skill level 6 in Axes
  1923 | D:3      | Reached XP level 5. HP: 35/42 MP: 5/5
  1923 | D:3      | Reached XP level 6. HP: 42/50 MP: 6/6
  1944 | D:3      | Reached skill level 7 in Axes
  2231 | D:3      | Noticed Terence
  2239 | D:3      | Killed Terence
  2320 | D:4      | Found a radiant altar of Vehumet.
  2323 | D:4      | Noticed Statics's ghost (amateur DDFi)
  2624 | D:4      | Reached skill level 5 in Throwing
  2624 | D:4      | Reached XP level 7. HP: 54/56 MP: 7/7
  2994 | D:4      | Reached skill level 8 in Axes
  3333 | D:4      | Found a blossoming altar of Fedhas.
  3378 | D:5      | Entered Level 5 of the Dungeon
  4312 | D:5      | Reached XP level 8. HP: 38/62 MP: 8/8
  4470 | D:5      | Found a staircase to the Ecumenical Temple.
  4477 | Temple   | Entered the Ecumenical Temple
  4484 | Temple   | Became a worshipper of Nemelex Xobeh the Trickster
  4564 | D:5      | Reached skill level 9 in Axes
  4584 | D:5      | Reached skill level 1 in Evocations
  4860 | D:5      | Received a gift from Nemelex Xobeh
  5400 | D:6      | Reached skill level 10 in Axes
  5782 | D:6      | Reached skill level 5 in Evocations
  5791 | D:6      | Reached * piety under Nemelex Xobeh
  5805 | D:6      | Reached XP level 9. HP: 56/68 MP: 11/13
  5862 | D:6      | Noticed Edmund
  5879 | D:6      | Killed Edmund
  6499 | D:7      | HP: 3/68 [orc warrior/poisoned tomahawk (3)]
  6501 | D:7      | HP: 1/102 [poisoned by an orc warrior]
  6501 | D:7      | Demolished by an orc warrior

Inventory:

Hand Weapons
 a - a +1 battleaxe (weapon)
 A - a +0 war axe
Missiles
 m - 8 curare-tipped needles
 s - 8 javelins (quivered)
 t - 20 poisoned needles
 u - a throwing net
Armour
 c - a +1 helmet (worn)
 o - a +1 cloak (worn)
 p - a +0 chain mail (worn)
Jewellery
 j - a ring of resist corrosion (left hand)
 v - a ring of flight (right hand)
Scrolls
 e - 2 scrolls of identify
 i - a scroll of recharging
 k - 2 scrolls of remove curse
 l - a scroll of fog
 n - a scroll of amnesia
Potions
 b - a potion of flight
 h - a potion of lignification
 x - 2 potions of haste
Miscellaneous
 y - a plain deck of destruction {drawn: 6}
Comestibles
 f - 6 bread rations


   Skills:
 - Level 2.4 Fighting
 - Level 10.1 Axes
 - Level 6.0 Throwing
 - Level 2.4 Dodging
 + Level 6.6 Evocations


You had 8 spell levels left.
You didn't know any spells.

Dungeon Overview and Level Annotations

Branches:
Dungeon (7/15)             Temple (1/1) D:5

Altars:
Ashenzari
Elyvilon
Fedhas
Gozag
Kikubaaqudgha
Makhleb
Nemelex Xobeh
Pakellas
Qazlal
Ru
Sif Muna
Trog
Vehumet
Xom
Yredelemnul
Zin

Annotations:
D:3 disint
D:4 Statics's ghost, amateur DDFi

Vault maps used:
D:1:      eino_arrival_water_cross
D:2:      first_bread, roderic_lattice_a, nicolae_ru_awakened_eye, uniq_robin
D:3:      due_unseen_surprise, uniq_terence, uniq_grinder
D:4:      overflow_temple_1_default, st_stairs_5, fedhas_altar_4
D:5:      minmay_temple_entry_hall
D:6:      uniq_edmund
D:7:      okawaru_trees_1, gammafunk_temple_overflow_statue
Temple:   nicolae_temple_no_exploring_needed


Message History

You feel very sick.
Unknown command.
You start resting.
You feel sick. x26
You are no longer poisoned.
You start resting.
An ogre comes into view. It is wielding a giant spiked club.
You see here a ring mail.
You see here a ring mail.
Throwing (i - inventory. (,) - cycle):
s - 8 javelins (quivered)
Press: ? - help, Shift-Dir - straight line, f - ogre
Aim: an ogre, wielding a giant spiked club You throw a javelin.
The javelin hits the ogre but does no damage.
Throwing (i - inventory. (,) - cycle):
s - 7 javelins (quivered)
Press: ? - help, Shift-Dir - straight line, f/p - ogre
Aim: an ogre, wielding a giant spiked club You throw a javelin.
The javelin completely misses the ogre.
Throwing (i - inventory. (,) - cycle):
s - 6 javelins (quivered)
Press: ? - help, Shift-Dir - straight line, f/p - ogre
Aim: an ogre, wielding a giant spiked club You throw a javelin.
The javelin barely misses the ogre.
Evoke which item? (* to show all) (? for menu, Esc to quit)
You draw a card...
It is Vitriol.
You have drawn Vitriol.
Press: ? - help, Shift-Dir - straight line, f/p - ogre
Aim: an ogre, wielding a giant spiked club The acid hits the ogre.
The ogre is moderately wounded.
You barely miss the ogre.
The ogre is moderately wounded.
The ogre hits you but does no damage.
Your chain mail prevents you from hitting the ogre.
The ogre is moderately wounded.
The ogre barely misses you.
You closely miss the ogre.
The ogre is moderately wounded.
You slash the ogre!
The ogre is severely wounded.
The ogre hits you but does no damage.
You slash the ogre!
You kill the ogre!
s - 6 javelins (gained 1)
There is an open door here.
s - 8 javelins (gained 2)
You see here 17 stones.
There is a stone staircase leading down here.
You climb downwards.
There is a stone staircase leading up here.
The orc warrior shouts!
The orc warrior throws a poisoned tomahawk.
The poisoned tomahawk hits you!
You are poisoned.
You see here a poisoned tomahawk.
You feel sick.
You feel sick.
You feel sick.
The orc priest shouts!
The orc shouts!
The orc warrior throws a poisoned tomahawk.
The poisoned tomahawk closely misses you.
You see here a poisoned tomahawk.
The orc warrior hits you but does no damage.
Found 21 arrows.
You hit the orc warrior but do no damage.
You feel sick. The orc warrior barely misses you.
You hit the orc warrior but do no damage.
You feel sick.
The orc warrior hits you with a battleaxe!
You closely miss the orc warrior.
The orc warrior hits you with a battleaxe.
The orc priest mumbles some strange prayers to Beogh against you.
Beogh smites you!
* * * LOW HITPOINT WARNING * * *
You feel sick.
The orc warrior throws a poisoned tomahawk.
The poisoned tomahawk hits you!
* * * LOW HITPOINT WARNING * * *
You are lethally poisoned!
You see here 2 poisoned tomahawks.
Drink which item? (? for menu, Esc to quit)
Okay, then.
Unknown command.
Drink which item? (? for menu, Esc to quit)
You feel very mighty all of a sudden.
* * * LOW HITPOINT WARNING * * *
You feel sick.
The orc warrior throws a poisoned tomahawk.
The poisoned tomahawk hits you.
* * * LOW HITPOINT WARNING * * *
You are more poisoned.
Drink which item? (? for menu, Esc to quit)
A red film seems to cover your vision as you go berserk!
You feel yourself moving faster!
You feel mighty!
* * * LOW HITPOINT WARNING * * *
You feel sick.
You feel a strong urge to attack something.
* * * LOW HITPOINT WARNING * * *
You feel sick.
The orc warrior hits you with a battleaxe!!
You die...
Your body disappears without a glow.

####...........#
#..............#
#.##(..........# .
#.#............#.. ..
#.#..<............ ..
#.#............###
#.###.#............# ########
#.(...##o.......(..#
.......########.@o.H>....######
####........(..(o######..#
#.#.########..# #..# #.#.# #..#
#..# #.#.# #..######o.# #.#.#
....oo.....# #.#.#
.##..######.# #.#.# . #..# ...
#.# # #..# ##...


You could see a hippogriff, an orc warrior, an orc priest and an orc.

Vanquished Creatures
  Grinder (D:3)
  Edmund (D:6)
  An ice beast (D:5)
  A wasp (D:7)
  A centaur (D:6)
  3 ogres
  A giant frog (D:6)
  3 scorpions
  4 wights (D:6)
  2 hounds
  4 orc priests
  A jelly (D:6)
  A giant frog skeleton (D:5)
  An iguana (D:4)
  4 orc wizards
  Terence (D:3)
  4 worker ants
  Robin (D:2)
  8 adders
  A shadow imp (D:5)
  A white imp (D:6)
  An ooze (D:5)
  5 worms
  A dart slug (D:1)
  4 giant geckos
  25 orcs
  11 giant cockroaches
  8 goblins (D:2)
  9 hobgoblins
  10 jackals
  3 quokkas
  4 ball pythons
  9 bats
  A giant newt (D:1)
  5 kobolds
  A quokka skeleton (D:5)
  2 quokka zombies (D:5)
  A rat (D:3)
145 creatures vanquished.

Action                   |  1- 3 |  4- 6 |  7- 9 || total
-------------------------+-------+-------+-------++-------
Melee: War axe           |   116 |   118 |   265 ||   499
       Battleaxe         |       |       |    90 ||    90
Throw: Throwing net      |       |     5 |     2 ||     7
       Javelin           |       |       |     4 ||     4
Evoke: Deck              |       |       |     6 ||     6
  Use: Potion            |       |     3 |     3 ||     6
       Scroll            |       |       |    15 ||    15
 Stab: Held in net/web   |       |       |     1 ||     1
  Eat: Chunk             |     1 |     5 |     6 ||    12
       Pizza             |       |       |     2 ||     2
       Beef jerky        |       |       |     1 ||     1
       Meat ration       |       |       |     1 ||     1
Armor: Leather armour    |    24 |       |       ||    24
       Ring mail         |    26 |    37 |       ||    63
       Chain mail        |       |    21 |   187 ||   208
Dodge: Dodged            |    74 |    70 |   118 ||   262

Action                   |  1- 3 |  4- 6 |  7- 9 || total
-------------------------+-------+-------+-------++-------
Melee: War axe           |   116 |   118 |   265 ||   499
       Battleaxe         |       |       |    90 ||    90
Throw: Throwing net      |       |     5 |     2 ||     7
       Javelin           |       |       |     4 ||     4
Evoke: Deck              |       |       |     6 ||     6
  Use: Potion            |       |     3 |     3 ||     6
       Scroll            |       |       |    15 ||    15
 Stab: Held in net/web   |       |       |     1 ||     1
  Eat: Chunk             |     1 |     5 |     6 ||    12
       Pizza             |       |       |     2 ||     2
       Beef jerky        |       |       |     1 ||     1
       Meat ration       |       |       |     1 ||     1
Armor: Leather armour    |    24 |       |       ||    24
       Ring mail         |    26 |    37 |       ||    63
       Chain mail        |       |    21 |   187 ||   208
Dodge: Dodged            |    74 |    70 |   118 ||   262
